 Dungeon Crawl Stone Soup version 0.32-a0-391-gce5c0aab1b (webtiles) character file.

Game seed: 4629925695378214354

4541 Aldia the Summoner (level 10, 0/49 HPs)
             Began as a Felid Summoner on Feb 19, 2024.
             Was a Believer of Kikubaaqudgha.
             Killed from afar by an orc wizard (6 damage)
             ... with a magic dart
             ... on level 8 of the Dungeon.
             The game lasted 00:25:49 (9241 turns).

Aldia the Summoner (Felid Summoner)                 Turns: 9241, Time: 00:25:49

Health: 0/49       AC:  2    Str:  4    XL:     10   Next: 17%
Magic:  25/31      EV: 18    Int: 24    God:    Kikubaaqudgha [**....]
Gold:   1256       SH:  0    Dex: 16    Spells: 8/23 levels left
                                        Lives:  0   Deaths: 4

rFire   . . .        (weapon unavailable)
rCold   . . .        (shield unavailable)
rNeg    . . .        (body armour unavailable)
rPois   .            (helmet unavailable)
rElec   .            (cloak unavailable)
rCorr   .            (gloves unavailable)
SInv    +            (boots unavailable)
Will    +....        (no amulet)
Stlth   +++          i - ring of magical power
HPRegen 0.28/turn    (no ring)
MPRegen 0.22/turn

%: no passive effects
@: inugami summoned
A: very small, claws 1, fangs 3, see invisible, shaggy fur 2, stealthy paws, no
weapons or thrown items, no armour, multi-lived
a: Renounce Religion, Unearth Wretches


You were on level 8 of the Dungeon.
You worshipped Kikubaaqudgha.
Kikubaaqudgha was pleased with you.
You visited 2 branches of the dungeon, and saw 9 of its levels.
You also visited: Sewer.

You collected 1316 gold pieces.
You spent 60 gold pieces at shops.

Inventory:

Jewellery
 b - a ring of ice
 i - a ring of magical power (left paw)
 m - an amulet of faith
 A - a ring of flight
Talismans
 g - a maw talisman
Wands
 j - a wand of quicksilver (10)
 B - a wand of flame (25)
 E - a wand of roots (7)
Scrolls
 d - a scroll of enchant armour {unknown}
 f - a scroll of enchant weapon {unknown}
 l - 2 scrolls of blinking
 o - a scroll of poison {unknown}
 p - 2 scrolls of fear
 q - 2 scrolls of teleportation
 r - a scroll of noise
 t - a scroll of fog
 y - 2 scrolls of revelation
 C - a scroll of summoning {unknown}
 D - 2 scrolls of amnesia {unknown}
Potions
 a - 3 potions of magic
 c - a potion of degeneration {unknown}
 e - 2 potions of enlightenment
 h - a potion of brilliance
 k - 2 potions of haste
 n - 2 potions of curing
 s - a potion of lignification
 u - 3 potions of cancellation
 v - a potion of resistance
 w - 2 potions of attraction
 x - a potion of might
 z - a potion of mutation {unknown}


   Skills:
 + Level 3.5 Fighting
 + Level 4.2 Dodging
 - Level 4.0 Stealth
 + Level 7.3 Spellcasting
 + Level 8.7 Summonings
 - Level 5.0 Fire Magic
 + Level 4.3 Air Magic
 - Level 5.0 Evocations


You had 8 spell levels left.
You knew the following spells:

 Your Spells              Type           Power      Damage    Failure   Level
a - Summon Small Mammal   Summ           100%       N/A       1%          1
b - Call Imp              Summ           100%       N/A       1%          2
c - Call Canine Familiar  Summ           50%        N/A       1%          3
d - Summon Blazeheart Go  Fire/Summ      41%        N/A       4%          4
e - Summon Lightning Spi  Summ/Air       40%        N/A       4%          4
f - Apportation           Tloc           16%        N/A       7%          1

Your spell library contained the following spells:

 Spells                   Type           Power      Damage    Failure   Level
 Kiss of Death            Conj/Necr      32%        2d7       7%          1
 Necrotise                Necr           32%        1d5       7%          1
 Sting                    Conj/Alch      32%        1d5       7%          1
 Inner Flame              Hex/Fire       20%        N/A       8%          3
 Sublimation of Blood     Necr           8%         N/A       11%         2
 Fugue of the Fallen      Necr           8%         N/A       21%         3
 Flame Wave               Conj/Fire      20%        2d7       24%         4
 Sticky Flame             Fire/Alch      20%        2d6       24%         4
 Lee's Rapid Deconstruct  Erth           4%         3d5*      88%         5
 Animate Armour           Summ/Erth      Unusable   N/A       N/A         4

Dungeon Overview and Level Annotations

Branches:
Dungeon (8/15)             Temple (1/1) D:4           Sewer (visited)
   Lair: D:8-11

Altars:
Ashenzari
Cheibriados
Dithmenos
Elyvilon
Fedhas
Gozag
Hepliaklqana
Kikubaaqudgha
Makhleb
Nemelex Xobeh
Okawaru
Qazlal
Ru
Sif Muna
Trog
Uskayaw
Vehumet
Wu Jian
Xom
Yredelemnul
The Shining One

Shops:
D:3 (   D:4 *[(   D:7 [

Annotations:
D:3 1 runed translucent door, Crazy Yiuf
D:4 1 runed translucent door, Grinder; shadowstone's ghost, amateur OpSh
Temple 2 transporters


Innate Abilities, Weirdness & Mutations

You have sharp claws.
You have razor-sharp teeth.
You have supernaturally acute eyesight. (SInv)
You are covered in thick fur. (AC +2)
Your paws help you pounce on unaware monsters.
You are incapable of wielding weapons or throwing items.
You cannot wear armour.
You gain extra lives every three experience levels.


Message History

You closely miss the orc wizard.
The orc wizard is almost dead.
The orc warrior hits you from afar with a +0 halberd!
The orc wizard hits you with a +0 dagger.
You scratch the orc wizard but do no damage.
The orc wizard is almost dead.
The orc warrior hits you from afar with a +0 halberd!
The orc wizard hits you but does no damage.
You are too injured to fight recklessly!
Unknown command.
The orc wizard points at you and mumbles some strange words.
You resist with almost no effort.
You are too injured to fight recklessly!
Casting: Call Imp (safe; 1% risk of failure)
Confirm with . or Enter, or press ? or * to list all spells.
You call for your canine familiar and it appears with a howl!
Casting: Call Canine Familiar (safe; 1% risk of failure)
Confirm with . or Enter, or press ? or * to list all spells.
An electric hum fills the air.
Your inugami hits the orc warrior.
The orc wizard gestures at you while chanting.
You resist with almost no effort.
Unknown command.
You are too injured to fight recklessly!
Unknown command.
You are too injured to fight recklessly!
Unknown command.
You scratch the orc wizard but do no damage.
The orc wizard is almost dead.
The orc warrior hits you from afar with a +0 halberd!
* * * LOW HITPOINT WARNING * * *
Your lightning spire shoots out a bolt of lightning at the orc warrior!
The bolt of electricity hits the orc warrior.
Your inugami barely misses the orc warrior.
The orc wizard completely misses you.
Unknown command.
You swap places.
The orc warrior closely misses you. The orc wizard casts a spell at you.
The magic dart hits you.
You die...
Kikubaaqudgha rasps: You have failed me!
Welcome... death!

###...#####†h)#####...#####...
#.......#.+.Io).#.......# +...
#+#.).#'#.#####)#'#...#+# ####
#...#.....#.....#...#
#####..)[.'.....##+##
#.....#.....#...#
#+#.#####.#'#...#+#
#.+.h.+.#....(..#
###.o@#####...###
#...o.I.#.'...+
#+#.o.#'#.##### #...#.....#
##'##.....+ #....##.....#
####.##+#.### #.. #.+ ### ###


You could see an orc warrior (ally target), 2 orc wizards, a friendly lightning
spire (summoned) and a friendly inugami (summoned).

Vanquished Creatures
  Maggie (D:7)
  A wyvern (D:7)
  An orc warrior (D:6)
  An ogre (D:5)
  A phantom (D:7)
  A bullfrog (Sewer)
  A gnoll sergeant (D:7)
  8 killer bees
  A howler monkey (D:6)
  A gnoll bouda (D:5)
  A hound (D:4)
  2 orc wizards (D:6)
  A gnoll (D:7)
  4 adders
  A nameless horror (D:7)
  A white imp (D:6)
  An ufetubus (D:5)
  A dart slug (D:2)
  7 bats
  3 endoplasms
  7 giant cockroaches
  5 goblins
  4 hobgoblins
  2 jackals
  2 quokkas (D:2)
  3 ball pythons
  A frilled lizard (Sewer)
  A kobold (D:7)
  9 rats
73 creatures vanquished.

Vanquished Creatures (collateral kills)
  Prince Ribbit (D:6)
  Sigmund (D:2)
  Eustachio (D:4)
  A steam dragon (D:6)
  An acid dragon (D:8)
  A water moccasin (D:6)
  An ice beast (D:6)
  2 black bears
  An ogre (D:5)
  2 phantoms
  A kobold brigand (D:6)
  3 bullfrogs
  2 scorpions
  7 wights
  2 killer bees
  5 hounds
  4 orc priests
  2 jellies
  5 orc wizards
  Ijyb (D:4)
  A sleepcap (D:4)
  7 gnolls
  12 adders
  2 river rats (Sewer)
  2 shadow imps
  A white imp (D:7)
  3 ufetubi
  4 ribbon worms
  A dart slug (D:5)
  7 orcs
  6 ball pythons
  3 endoplasms (D:1)
  A giant cockroach (D:4)
  5 goblins
  5 hobgoblins
  4 jackals
  A quokka (D:1)
  A bat (D:1)
  A frilled lizard (D:1)
  7 kobolds
  18 rats
136 creatures vanquished.

Vanquished Creatures (others)
  7 blazeheart cores
7 creatures vanquished.

Grand Total: 216 creatures vanquished

Notes
Turn   | Place    | Note
-------+----------+-------------------------------------------
     0 | D:1      | Aldia the Felid Summoner began the quest for the Orb.
     0 | D:1      | Reached XP level 1. HP: 9/9 MP: 4/4
   125 | D:1      | Reached XP level 2. HP: 13/13 MP: 3/6
   131 | D:1      | Learned a level 2 spell: Call Imp
   631 | D:1      | Reached XP level 3. HP: 16/16 MP: 5/8
   635 | D:1      | Learned a level 3 spell: Call Canine Familiar
  1652 | D:2      | Noticed Sigmund
  1664 | D:2      | Killed Sigmund
  1665 | D:2      | Reached skill level 5 in Summonings
  1665 | D:2      | Reached XP level 4. HP: 21/21 MP: 11/11
  1665 | D:2      | Gained a life (2 lives remaining)
  1665 | D:2      | Reached XP level 5. HP: 24/24 MP: 11/12
  1677 | D:2      | Learned a level 4 spell: Summon Blazeheart Golem
  1879 | D:2      | Found a faded altar of an unknown god.
  2536 | D:3      | Found Orutuun's Weapon Boutique.
  2554 | D:3      | Gained mutation: You are covered in thick fur. (AC +2)
                  | [Felid growth]
  2554 | D:3      | Reached XP level 6. HP: 23/28 MP: 13/13
  2848 | D:3      | Reached skill level 1 in Fire Magic
  3044 | D:3      | Reached skill level 1 in Evocations
  3146 | D:3      | Found a runed translucent door.
  3147 | D:3      | Noticed Crazy Yiuf
  3373 | D:4      | Found Tugupoun's General Store.
  3392 | D:4      | Found a glowing drain.
  3393 | D:4      | Bought a potion of heal wounds for 50 gold pieces
  3393 | D:4      | Bought a scroll of noise for 10 gold pieces
  3408 | Sewer    | Entered a sewer
  3628 | Sewer    | Reached skill level 6 in Summonings
  3777 | Sewer    | Reached XP level 7. HP: 20/32 MP: 10/14
  3800 | Sewer    | Learned a level 4 spell: Summon Lightning Spire
  3865 | D:4      | Found Haemot's Antique Armour Boutique.
  3866 | D:4      | Noticed Eustachio
  3901 | D:4      | Killed Eustachio
  3955 | D:4      | Noticed Ijyb
  3974 | D:4      | Constricted to death by Ijyb
  3974 | D:4      | Lost a life (1 life remaining)
  4027 | D:4      | Found a staircase to the Ecumenical Temple.
  4038 | D:4      | Reached skill level 5 in Spellcasting
  4041 | D:4      | Killed Ijyb
  4057 | Temple   | Found a transporter.
  4057 | Temple   | Found a transporter.
  4057 | Temple   | Found a transporter.
  4057 | Temple   | Found a transporter.
  4057 | Temple   | Entered the Ecumenical Temple
  4072 | Temple   | Became a worshipper of Kikubaaqudgha
  4102 | D:4      | Identified the +8 hand axe of Duty {drain, rN+ Will+++
                  | Dex-4 Stlth+}
  4520 | D:4      | Found Piopayqi's Weapon Shop.
  4528 | D:4      | Found a runed translucent door.
  4529 | D:4      | Noticed shadowstone's ghost (amateur OpSh)
  4674 | D:4      | Noticed Grinder
  4872 | D:5      | Entered Level 5 of the Dungeon
  4882 | D:5      | Reached XP level 8. HP: 22/36 MP: 16/16
  4882 | D:5      | Gained a life (2 lives remaining)
  5327 | D:5      | Reached skill level 7 in Summonings
  5327 | D:5      | Reached skill level 5 in Fire Magic
  5961 | D:5      | Reached skill level 1 in Fighting
  6012 | D:5      | Reached skill level 1 in Air Magic
  6602 | D:6      | Noticed Prince Ribbit
  6680 | D:5      | HP: 1/35 [orc/+0 flail (3)]
  6687 | D:5      | Reached XP level 9. HP: 3/41 MP: 19/19
  6899 | D:6      | Killed Prince Ribbit
  7079 | D:6      | Reached * piety under Kikubaaqudgha
  7079 | D:6      | Received a gift from Kikubaaqudgha
  7259 | D:6      | Reached skill level 8 in Summonings
  7451 | D:6      | Reached skill level 5 in Evocations
  7667 | D:7      | Noticed Maggie
  7813 | D:7      | Killed from afar by Maggie
  7813 | D:7      | Lost a life (1 life remaining)
  7839 | D:7      | Killed Maggie
  8257 | D:7      | Found Jakkiys's Armour Shoppe.
  8262 | D:7      | Succumbed to a killer bee's poison
  8262 | D:7      | Lost a life (0 lives remaining)
  8263 | D:7      | Reached XP level 10. HP: 49/49 MP: 21/21
  8263 | D:7      | Gained a life (1 life remaining)
  8510 | D:7      | Found a broken altar of Ashenzari.
  8758 | D:8      | Identified a scroll of acquirement
  8758 | D:8      | Acquired 876 gold pieces
  8795 | D:8      | Found a sparkling altar of Nemelex Xobeh.
  8829 | D:8      | Learned a level 1 spell: Apportation
  8980 | D:8      | Killed from afar by an orc priest
  8980 | D:8      | Lost a life (0 lives remaining)
  9038 | D:8      | Reached ** piety under Kikubaaqudgha
  9241 | D:8      | Killed from afar by an orc wizard

Illustrated notes

Levels and vault maps discovered:
D:1:      lightli_arrival_farm, layout_loops_corners, minivault_4
D:2:      layout_loops_ring, hellmonk_ecumenical_altar_heavens_door,
          dreamdust_princess_bridge, uniq_sigmund
D:3:      layout_loops_ring, serial_shops, shop, uniq_crazy_yiuf_cottage
D:4:      layout_loops_ring, minmay_temple_entry_fiery,
          cheibrodos_sewer_entry_drain, gammafunk_ghost_grave, serial_rivers,
          chequers_serial_rivers_large_a, chequers_serial_rivers_room_b,
          chequers_serial_rivers_room_a, chequers_serial_rivers_large_b,
          chequers_serial_rivers_small_a, serial_shops, shop, shop, shop,
          uniq_eustachio, uniq_grinder, uniq_ijyb
D:5:      layout_layer_cave, kennysheep_potato
D:6:      layout_cave_pools, uniq_prince_ribbit1
D:7:      layout_cave_pools, mainiacjoe_overflow_cross_hatched, serial_shops,
          nicolae_shop_hallway_stairs, uniq_maggie
D:8:      nicolae_cairo_tiling_large, layout_basic, nemelex_spade_bored_becter,
          nicolae_shop_gadgets
Temple:   hellmonk_temple_divided_pantheon

Skill      XL: |  1  2  3  4  5  6  7  8  9 |
---------------+----------------------------+-----
Spellcasting   | 4 5 6 7 |  7.3
Summonings     | 5 6 7 8 |  8.7
Fire Magic     | 2 4 5 |  5.0
Evocations     | 1 3 5 |  5.0
Fighting       | 1 3 |  3.5
Stealth        | 3 4 |  4.0
Air Magic      | 2 4 |  4.3
Dodging        | 3 4 |  4.2

Action                     |  1- 3 |  4- 6 |  7- 9 | 10-12 || total
---------------------------+-------+-------+-------+-------++-------
  Melee: Unarmed           |    31 |   125 |   122 |    33 ||   311
         Punch             |     1 |     2 |     1 |     1 ||     5
         Bite              |     1 |    18 |    17 |     3 ||    39
   Cast: Summon Small Mamm |    22 |    11 |     8 |       ||    41
         Call Imp          |    11 |    11 |    25 |     3 ||    50
         Call Canine Famil |     3 |    15 |    35 |     4 ||    57
         Summon Blazeheart |       |       |    11 |     2 ||    13
         Summon Lightning  |       |       |     4 |     2 ||     6
  Evoke: Wand              |       |     1 |     5 |       ||     6
    Use: Scroll            |     2 |     4 |    10 |     2 ||    18
         Potion            |       |     5 |       |       ||     5
   Stab: Distracted        |     1 |       |     4 |       ||     5
         Sleeping          |     4 |     7 |     2 |     1 ||    14
 Armour: Skin              |     6 |    70 |    83 |    19 ||   178
  Dodge: Dodged            |    28 |   198 |   196 |    32 ||   454

Table legend: (Time is in decaauts)
 A = Elapsed time spent in this place.
 B = Non-inter-level travel time spent in this place.
 C = Inter-level travel time spent in this place.
 D = Time resting spent in this place.
 E = Time spent auto-exploring this place.
 F = Levels seen in this place.
 G = Mean time per level.
                   A        B        C        D        E       F      G
               +--------+--------+--------+--------+--------+-----+--------+
         Total |   9327 |   8928 |    399 |    583 |   6198 |  10 |  932.7 |
       Dungeon |   8802 |   8403 |    399 |    522 |   6055 |   8 | 1100.2 |
        Temple |     30 |     30 |      0 |      0 |      0 |   1 |   30.0 |
         Sewer |    494 |    494 |      0 |     61 |    142 |   1 |  494.0 |
               +--------+--------+--------+--------+--------+-----+--------+

Top non-repeatable levels by time:
     D:5: 1976 daAuts
     D:1: 1393 daAuts
     D:6: 1064 daAuts
     D:4: 1058 daAuts
     D:2: 1055 daAuts
     D:3: 923 daAuts
     D:7: 847 daAuts
   Sewer: 494 daAuts
     D:8: 483 daAuts
  Temple: 30 daAuts
